 Dungeon Crawl Stone Soup version 0.21-a0-329-g12f17e1 (webtiles) character file.

6207 vishdafish the Spear-Bearer (level 10, -6/67 HPs)
             Began as a Demonspawn Skald on Oct 1, 2017.
             Was an Elder of Jiyva.
             Mangled by a vampire (8 damage)
             ... on level 10 of the Dungeon.
             The game lasted 00:32:54 (11372 turns).

vishdafish the Spear-Bearer (Demonspawn Skald)     Turns: 11372, Time: 00:32:55

Health: -6/67      AC: 13    Str: 13    XL:     10   Next: 61%
Magic:  0/19       EV: 15    Int: 15    God:    Jiyva [****..]
Gold:   231        SH:  5    Dex: 14    Spells: 13/21 levels left

rFire    + . .     SeeInvis .   a - +0 spear
rCold    . . .     Gourm    .   J - +0 buckler
rNeg     . . .     Faith    .   b - +0 leather armour
rPois    .         Spirit   +   q - +2 hat
rElec    .         Reflect  .   x - +0 cloak
rCorr    +         Harm     .   M - +2 pair of gloves
MR       ++...                  (no boots)
Stlth    +.........             (no amulet)
HPRegen  0.21/turn              e - +1 ring of evasion
MPRegen  0.32/turn              t - ring of wizardry

@: singing (expiring), hasted, very quick
A: hooves 1, yellow scales 2, demonic guardian 1, fire resistance 1, magic
resistance 2, jelly absorbing missiles, magic shield, magic regeneration
a: Request Jelly, Slimify, Renounce Religion


You were on level 10 of the Dungeon.
You worshipped Jiyva.
Jiyva was greatly pleased with you.
You were very hungry.

You visited 2 branches of the dungeon, and saw 11 of its levels.

You collected 441 gold pieces.
You spent 210 gold pieces at shops.

Inventory:

Hand Weapons
 a - a +0 spear (weapon)
 y - a +2 quarterstaff of chaos
Missiles
 K - a throwing net (quivered)
Armour
 b - a +0 leather armour (worn)
 q - a +2 hat (worn)
 x - a +0 cloak (worn)
 J - a +0 buckler (worn)
 M - a +2 pair of gloves (worn)
Jewellery
 e - a +1 ring of evasion (left hand)
 t - a ring of wizardry (right hand)
Wands
 A - a wand of polymorph (9/24)
 D - a wand of disintegration (10/24)
 O - a wand of random effects (26/48)
Scrolls
 g - a scroll of recharging {unknown}
 h - 3 scrolls of teleportation
 k - a scroll of random uselessness {unknown}
 l - a scroll of fear {unknown}
 m - a scroll of magic mapping {unknown}
 o - a scroll of fog {unknown}
 p - 2 scrolls of amnesia {unknown}
 r - a scroll of noise {unknown}
 s - a scroll of enchant weapon {unknown}
 z - 2 scrolls of enchant armour {unknown}
 F - 4 scrolls of blinking {unknown}
 N - a scroll of silence {unknown}
Potions
 f - 6 potions of degeneration
 i - 2 potions of flight
 j - a potion of lignification
 n - a potion of agility
 B - a potion of resistance
 C - 2 potions of ambrosia {unknown}
 G - a potion of mutation {unknown}
Books
 c - a book of Battle

   Spells                             Type                      Level
   a - Infusion                       Charms                       1
   b - Shroud of Golubria             Charms/Translocation         2
   c - Song of Slaying                Charms                       2
   d - Spectral Weapon                Hexes/Charms                 3
   e - Regeneration                   Charms/Necromancy            3
 w - a book of Minor Magic

   Spells                             Type                      Level
   a - Magic Dart                     Conjuration                  1
   b - Blink                          Translocation                2
   c - Call Imp                       Summoning                    2
   d - Slow                           Hexes                        2
   e - Conjure Flame                  Conjuration/Fire             3
   f - Mephitic Cloud                 Conjuration/Poison/Air       3
Comestibles
 d - 6 bread rations
 H - 3 meat rations


   Skills:
 - Level 2.0 Fighting
 + Level 9.3 Polearms
 + Level 5.0 Armour
 - Level 5.0 Dodging
 - Level 1.5 Stealth
 - Level 4.0 Shields
 - Level 6.1 Spellcasting
 - Level 6.0 Charms
 + Level 1.5 Necromancy


You had 13 spell levels left.
You knew the following spells:

 Your Spells              Type           Power        Failure   Level  Hunger
a - Infusion              Chrm           ###.         1%          1    None
b - Song of Slaying       Chrm           ###.....     1%          2    #......
c - Shroud of Golubria    Chrm/Tloc      ##........   3%          2    #......
d - Regeneration          Chrm/Necr      ###.......   4%          3    ##.....


Dungeon Overview and Level Annotations

Branches:
Dungeon (10/15)            Temple (1/1) D:7            Lair (0/6) D:8
    Orc (0/2) D:10

Altars:
Cheibriados
Dithmenos
Elyvilon
Gozag
Hepliaklqana
Makhleb
Nemelex Xobeh
Qazlal
Ru
Uskayaw
Xom
Yredelemnul
Zin
The Shining One
Beogh
Jiyva

Shops:
D:8 *[


Innate Abilities, Weirdness & Mutations

You have large cloven feet.
You are mostly covered in yellow scales. (AC +3)
A weak demonic guardian rushes to your aid.
When hurt, damage is shared between your health and your magic reserves.
You regenerate magic rapidly.
Your flesh is heat resistant. (rF+)
You are highly resistant to hostile enchantments. (MR++)
You have a small jelly attached to you that may absorb incoming projectiles.


Message History

Space distorts slightly along a thin shroud covering your body.
Something hits you!
* * * LOW HITPOINT WARNING * * *
Your shroud falls apart!
You block something's attack.
You hit something but do no damage. You hit something but do no damage.
You kick something. Something hits you.
* * * LOW HITPOINT WARNING * * *
Something closely misses you.
You hit something but do no damage. Your kick misses something.
You hit something but do no damage. Your kick misses something.
Something barely misses you. Something bites you!
* * * LOW HITPOINT WARNING * * *
Something draws strength from your injuries!
You closely miss something. Your kick misses something. You miss something.
You kick something. You hit something. Your kick misses something.
Something hits you!
* * * LOW HITPOINT WARNING * * *
Something bites you!
You die...

####..##.########
#...#.........
#.#...########
####.#...#############.#..
#.........................
#.##.#.###########.###.#.
...#.#.# #.# #..#.#.##
###.# ...#....#### #@..#
#.##....#.. ###{#.#
........#.####.....##
........#.#.....8.....#
#.###.....#...........#
#.# #..................#
#.# #......8....>....8..
#.###...................
..........#...........#.


There were no monsters in sight!

Vanquished Creatures
  A two-headed ogre (D:10)
  A hornet (D:8)
  2 hippogriffs
  A wraith (D:9)
  5 yaks (D:10)
  A water moccasin (D:7)
  4 orc warriors
  2 ice beasts
  2 black bears
  A sky beast (D:6)
  4 ogres
  The ghost of vishdafish the Poker, an amateur DsSk (D:3)
  3 centaurs
  3 bullfrogs
  2 big kobolds (D:9)
  A gnoll sergeant (D:8)
  2 wyvern zombies
  A scorpion (D:10)
  3 killer bees (D:10)
  2 howler monkeys
  2 crimson imps
  A bullfrog zombie (D:5)
  A centaur zombie (D:10)
  2 lava snakes (D:10)
  5 hounds
  2 bullfrog skeletons
  2 orc priests
  3 iguanas (D:9)
  A jelly (D:6)
  3 orc wizards
  5 worker ants
  A killer bee zombie (D:6)
  15 adders
  3 gnolls (D:8)
  2 shadow imps
  An ooze (D:2)
  6 worms
  2 dart slugs (D:1)
  17 orcs
  5 giant cockroaches
  4 goblins
  9 hobgoblins
  14 jackals
  3 quokkas
  8 bats
  9 frilled lizards
  18 kobolds
  2 quokka skeletons (D:4)
  10 rats
198 creatures vanquished.

Vanquished Creatures (collateral kills)
  The ghost of epen the Insei, a novice GnTm (D:6)
  A komodo dragon (D:9)
  2 hippogriffs (D:10)
  A hungry ghost (D:8)
  A sky beast (D:5)
  An ogre (D:8)
  A centaur (D:5)
  2 bullfrogs
  2 scorpions
  A howler monkey (D:7)
  2 orc priests
  Crazy Yiuf (D:3)
  A worm (D:4)
  2 orcs
  2 jackals (D:3)
  A frilled lizard (D:3)
  2 kobolds
  A leopard gecko zombie (D:5)
25 creatures vanquished.

Vanquished Creatures (others)
  A bullfrog (D:8)
  13 jellies
  A scorpion (D:8)
  A killer bee (D:10)
  3 howler monkeys (D:10)
  An orc priest (D:9)
  A worker ant zombie (D:8)
  2 orcs
  A giant cockroach (D:8)
  2 jackals (D:10)
  A quokka (D:7)
  2 butterflies (D:9)
  5 plants (D:8)
34 creatures vanquished.

Grand Total: 257 creatures vanquished

Notes
Turn   | Place    | Note
-------+----------+-------------------------------------------
     0 | D:1      | vishdafish the Demonspawn Skald began the quest for the Orb.
     0 | D:1      | Reached XP level 1. HP: 16/16 MP: 3/3
    76 | D:1      | Gained mutation: A weak demonic guardian rushes to your aid. [demonic ancestry]
    76 | D:1      | Reached XP level 2. HP: 5/22 MP: 0/5
   467 | D:1      | Reached skill level 2 in Polearms
   467 | D:1      | Reached skill level 1 in Armour
  1031 | D:2      | Gained mutation: You are partially covered in yellow scales. (AC +2) [demonic ancestry]
  1031 | D:2      | Reached XP level 3. HP: 24/27 MP: 6/6
  1390 | D:2      | Gained mutation: When hurt, damage is shared between your health and your magic reserves. [demonic ancestry]
  1390 | D:2      | Reached XP level 4. HP: 22/33 MP: 2/7
  1590 | D:2      | Reached skill level 3 in Polearms
  2164 | D:3      | Gained mutation: You regenerate magic rapidly. [demonic ancestry]
  2164 | D:3      | Reached XP level 5. HP: 25/38 MP: 5/8
  2310 | D:3      | Noticed vishdafish's ghost (amateur DsSk)
  2364 | D:3      | Killed vishdafish's ghost
  2569 | D:3      | Found an opulent altar of Gozag.
  2573 | D:3      | Found a hazy altar of Hepliaklqana.
  3119 | D:3      | Found a runed door.
  3123 | D:3      | Learned a level 2 spell: Song of Slaying
  3127 | D:3      | Noticed Crazy Yiuf
  3136 | D:3      | Paralysed by Crazy Yiuf for 5 turns
  3144 | D:3      | Killed Crazy Yiuf
  3466 | D:4      | Found a glowing golden altar of the Shining One.
  3476 | D:4      | Noticed an ogre
  3493 | D:4      | Killed an ogre
  3493 | D:4      | Reached XP level 6. HP: 41/44 MP: 2/9
  3740 | D:4      | Reached skill level 4 in Polearms
  3859 | D:4      | Found a burning altar of Makhleb.
  3880 | D:4      | Found a sacrificial altar of Ru.
  3882 | D:4      | Found a stormy altar of Qazlal.
  3943 | D:4      | Gained mutation: You are mostly covered in yellow scales. (AC +3) [demonic ancestry]
  3943 | D:4      | Reached XP level 7. HP: 36/50 MP: 4/11
  4479 | D:5      | Entered Level 5 of the Dungeon
  4863 | D:5      | Reached skill level 5 in Polearms
  4995 | D:5      | Reached skill level 5 in Dodging
  5214 | D:5      | Found an opulent altar of Gozag.
  5319 | D:5      | Reached XP level 8. HP: 46/56 MP: 9/12
  5526 | D:5      | Found a white marble altar of Elyvilon.
  6284 | D:6      | Reached skill level 6 in Polearms
  6367 | D:6      | Gained mutation: Your magical capacity is low. (-10% MP) [mutagenic meat]
  6368 | D:6      | Gained mutation: You evolve. [mutagenic meat]
  6369 | D:6      | Gained mutation: You are resistant to hostile enchantments. (MR+) [mutagenic meat]
  6370 | D:6      | Gained mutation: You are highly resistant to hostile enchantments. (MR++) [mutagenic meat]
  6371 | D:6      | Lost mutation: Your magical capacity is low. (-10% MP) [mutagenic meat]
  6372 | D:6      | Gained mutation: You have a pair of small horns on your head. [mutagenic meat]
  6393 | D:6      | Noticed epen's ghost (novice GnTm)
  6432 | D:6      | Killed epen's ghost
  6813 | D:6      | Reached skill level 7 in Polearms
  6979 | D:6      | Lost mutation: You evolve. [end of evolution]
  7489 | D:6      | Gained mutation: You have large cloven feet. [demonic ancestry]
  7489 | D:6      | Reached XP level 9. HP: 50/61 MP: 11/15
  7647 | D:7      | Found a snail-covered altar of Cheibriados.
  7653 | D:7      | Reached skill level 5 in Charms
  7667 | D:7      | Learned a level 2 spell: Shroud of Golubria
  7806 | D:7      | Found a staircase to the Ecumenical Temple.
  7824 | Temple   | Entered the Ecumenical Temple
  7838 | Temple   | Became a worshipper of Jiyva Jucedips the Shapeless
  7990 | D:7      | Reached * piety under Jiyva
  8449 | D:8      | Reached skill level 8 in Polearms
  8449 | D:8      | Reached skill level 1 in Shields
  8701 | D:8      | Found a staircase to the Lair.
  8702 | D:8      | Noticed a komodo dragon
  8711 | D:8      | Found Gaitry Tank's General Store.
  8718 | D:8      | Bought a scroll of teleportation for 45 gold pieces
  8718 | D:8      | Bought a scroll of remove curse for 45 gold pieces
  8750 | D:8      | Reached ** piety under Jiyva
  8755 | D:8      | Found Kezydib's Antique Armour Shop.
  8758 | D:8      | Bought a pair of glowing gloves for 120 gold pieces
  8788 | D:8      | Found a basalt altar of Yredelemnul.
  9006 | D:8      | Paralysed by a hornet for 2 turns
  9301 | D:9      | Reached skill level 1 in Stealth
  9374 | D:9      | Killed a komodo dragon
  9439 | D:9      | Found a shimmering altar of Xom.
  9446 | D:9      | Reached *** piety under Jiyva
  9457 | D:9      | Found a glowing silver altar of Zin.
  9512 | D:9      | Found a roughly hewn altar of Beogh.
  9522 | D:9      | Gained mutation: Your flesh is heat resistant. (rF+) [Jiyva's grace]
  9653 | D:10     | Entered Level 10 of the Dungeon
  9693 | D:10     | Reached skill level 5 in Spellcasting
  9693 | D:10     | Reached XP level 10. HP: 32/67 MP: 1/17
 10118 | D:9      | Learned a level 3 spell: Regeneration
 10360 | D:10     | Found a staircase to the Orcish Mines.
 10572 | D:9      | Reached skill level 9 in Polearms
 10794 | D:9      | Lost mutation: You have a pair of small horns on your head. [Jiyva's grace]
 11017 | D:10     | Noticed a two-headed ogre
 11041 | D:10     | Killed a two-headed ogre
 11112 | D:10     | Reached **** piety under Jiyva
 11155 | D:10     | Reached skill level 5 in Armour
 11155 | D:10     | Reached skill level 1 in Necromancy
 11210 | D:10     | HP: 3/67 [poisoned by an orc warrior]
 11214 | D:10     | HP: 1/67 [poisoned by an orc warrior]
 11219 | D:10     | HP: 2/67 [poisoned by an orc warrior]
 11351 | D:10     | Gained mutation: You have a small jelly attached to you that may absorb incoming projectiles. [Jiyva's grace]
 11372 | D:10     | HP: 2/67 [something (8)]
 11372 | D:10     | Mangled by a vampire

Vault maps used:
D:1:      dpeg_arrival_short_road, minmay_tetromino_s2
D:3:      lemuel_round_altar, overflow_temple_1_default, uniq_crazy_yiuf_cottage
D:4:      minmay_wonky_spiral, overflow_temple_1_default,
          grunt_temple_overflow_open, first_bread
D:5:      elyvilon_altar_4, grunt_gozag_statues
D:7:      nicolae_overflow_hidden_temple, minmay_temple_entry_overgrown,
          st_stairs_1
D:8:      old_standard_altar, david_lair_shrubbed, serial_shops,
          nicolae_shop_temple_entry_statues_fountains, nicolae_shop_trees,
          grunt_ogre_cave
D:9:      zin_statuary, xom_butterflies, david_defended_altar_orc
D:10:     david_orc_2, serial_shops, nicolae_shop_behind_doors,
          kennysheep_generic_room_3
Temple:   pf_slimified_temple

Skill      XL: |  1  2  3  4  5  6  7  8  9 10 |
---------------+-------------------------------+-----
Charms         | 3 4 6 |  6.0
Dodging        | 2 3 5 |  5.0
Polearms       | 2 3 4 5 7 8 9 |  9.3
Armour         | 1 2 4 5 |  5.0
Spellcasting   | 3 4 5 6 |  6.1
Shields        | 2 4 |  4.0
Stealth        | 1 |  1.5
Necromancy     | 1 |  1.5
Fighting       | |  2.0

Action                   |  1- 3 |  4- 6 |  7- 9 | 10-12 || total
-------------------------+-------+-------+-------+-------++-------
Melee: Spear             |   146 |   247 |   578 |   318 ||  1289
       Headbutt          |       |       |    43 |    33 ||    76
       Kick              |       |       |    47 |    70 ||   117
Throw: Throwing net      |       |       |     2 |     1 ||     3
 Cast: Infusion          |    12 |    24 |    30 |     4 ||    70
       Song of Slaying   |       |     2 |    11 |    11 ||    24
       Shroud of Golubri |       |       |     9 |    23 ||    32
       Regeneration      |       |       |       |    21 ||    21
Evoke: Wand              |       |       |       |     2 ||     2
  Use: Scroll            |       |       |     9 |       ||     9
       Potion            |       |       |       |     3 ||     3
 Stab: Sleeping          |     1 |       |     1 |       ||     2
       Distracted        |       |     2 |     3 |     2 ||     7
       Held in net/web   |       |       |     1 |       ||     1
  Eat: Chunk             |     2 |     7 |    17 |       ||    26
       Royal jelly       |       |     1 |     1 |       ||     2
       Bread ration      |       |       |     1 |     1 ||     2
Armor: Leather armour    |    28 |    43 |   127 |    55 ||   253
Dodge: Dodged            |    64 |   107 |   292 |   151 ||   614
Block: Buckler           |       |       |       |    19 ||    19

Table legend:
 A = Spawn XP
 B = Non-spawn XP
 C = Spawn XP percentage of total XP
 D = Spawn monster count
 E = Non-spawn monster count
 F = Spawn count percentage of total count
 G = Total turns spent on level
                    A         B        C        D         E        F      G
               +---------+---------+-------+---------+---------+-------+---------
         Total |       0 |    8868 |   0.0 |       0 |     223 |   0.0 | 11372
               +---------+---------+-------+---------+---------+-------+---------
           D:1 |       0 |      35 |   0.0 |       0 |      20 |   0.0 |   891
           D:2 |       0 |     132 |   0.0 |       0 |      31 |   0.0 |  1147
           D:3 |       0 |     200 |   0.0 |       0 |      26 |   0.0 |  1424
           D:4 |       0 |     603 |   0.0 |       0 |      25 |   0.0 |  1252
           D:5 |       0 |     548 |   0.0 |       0 |      13 |   0.0 |  1376
           D:6 |       0 |    1293 |   0.0 |       0 |      24 |   0.0 |  1470
           D:7 |       0 |     755 |   0.0 |       0 |      15 |   0.0 |   598
           D:8 |       0 |    1154 |   0.0 |       0 |      13 |   0.0 |  1078
           D:9 |       0 |    1182 |   0.0 |       0 |      25 |   0.0 |  1293
          D:10 |       0 |    2966 |   0.0 |       0 |      31 |   0.0 |   824
               +---------+---------+-------+---------+---------+-------+---------
